 Dungeon Crawl Stone Soup version 0.29-a0-23-ga79f92ac9c (webtiles) character file.

Game seed: 8955862538917134982

9 HallandMoats the Skirmisher (level 2, -2/26 HPs)
             Began as a Ghoul Monk on Jan 30, 2022.
             Slain by a scorpion (7 damage)
             ... on level 2 of the Dungeon.
             The game lasted 00:00:43 (642 turns).

HallandMoats the Skirmisher (Ghoul Monk)             Turns: 642, Time: 00:00:44

Health: -2/26      AC:  2    Str: 14    XL:     2   Next: 12%
Magic:  1/1        EV: 12    Int:  5    God:
Gold:   0          SH:  0    Dex: 11    Spells: 1/1 levels left

rFire   . . .      SeeInvis .     - Unarmed
rCold   + . .      Faith    .   (no shield)
rNeg    + + +      Spirit   .   a - +0 robe
rPois   ∞          Reflect  .   (no helmet)
rElec   .          Harm     .   (no cloak)
rCorr   .          Rampage  .   (no gloves)
Will    .....                   (no boots)
Stlth   ++........              (no amulet)
HPRegen 0.00/turn               (no ring)
MPRegen 0.07/turn               (no ring)

@: inhibited regen
A: claws 1, cold resistance 1, negative energy resistance 3, inhibited
regeneration, torment resistance 2
a: no special abilities


You were on level 2 of the Dungeon.
You visited 1 branch of the dungeon, and saw 2 of its levels.

Inventory:

Armour
 a - a +0 robe (worn)


   Skills:
 + Level 3.3 Fighting
 * Level 0.6 Polearms
 + Level 0.1 Armour
 + Level 2.7 Dodging
 - Level 2.1 Stealth
 + Level 3.3 Unarmed Combat
 * Level 0.9 Invocations


You had one spell level left.
You didn't know any spells.
Your spell library was empty.

Dungeon Overview and Level Annotations

Branches:
Dungeon (1/15)

Altars:


Innate Abilities, Weirdness & Mutations

You thrive by killing the living.
You are immune to poison.
You have sharp fingernails.
Your flesh is cold resistant. (rC+)
You are immune to negative energy. (rN+++)
You do not regenerate when monsters are visible.
You are immune to unholy pain and torment.


Message History

The helpless giant cockroach fails to defend itself.
You scratch the giant cockroach.
You kill the giant cockroach!
You have reached level 2!
Found a glowing whip.
A scorpion comes into view.
A scorpion is nearby!
A scorpion is nearby!
A scorpion is nearby!
A scorpion is nearby!
You see here a +0 whip of distortion.
A quokka comes into view.
An endoplasm comes into view.
The endoplasm moves out of view.
Found 13 gold pieces and 16 sling bullets.
An endoplasm comes into view.
The endoplasm misses you.
You scratch the endoplasm.
The endoplasm is almost dead.
The endoplasm freezes you.
You are frozen.
You resist.
You scratch the endoplasm.
You kill the endoplasm!
The scorpion stings you.
You barely miss the scorpion. The scorpion stings you.
You scratch the scorpion.
The scorpion is lightly wounded.
The scorpion stings you.
You scratch the scorpion but do no damage.
You claw the scorpion, but do no damage.
The scorpion is lightly wounded.
The scorpion stings you.
You barely miss the scorpion.
The scorpion is lightly wounded.
The scorpion stings you!
* * * LOW HITPOINT WARNING * * *
You claw the scorpion!
The scorpion is heavily wounded.
The scorpion stings you!
You die...

.. . #.# #..##.### ..
#..##.#.#
#.###..##.#.#
..##..##.#.##
#.##.....#.s.
#.#######.##..##.#.##
#...@s........##.#.##
##########...........
#$...#..#.##
........#..#.#
...###.#.#..#.# ...
.....#....# ..
##.......### #
#.##J.... ## #(....


You could see a scorpion.

Vanquished Creatures
  An endoplasm (D:2)
  A giant cockroach (D:2)
  A goblin (D:1)
  A hobgoblin (D:1)
  A kobold (D:1)
  A ball python (D:1)
  A bat (D:1)
  A frilled lizard (D:1)
8 creatures vanquished.

Notes
Turn   | Place    | Note
-------+----------+-------------------------------------------
     0 | D:1      | HallandMoats the Ghoul Monk began the quest for the Orb.
     0 | D:1      | Reached XP level 1. HP: 19/19 MP: 0/0
   599 | D:1      | You fall into a shaft and drop 1 floor!
   603 | D:2      | Reached XP level 2. HP: 26/26 MP: 1/1
   609 | D:2      | Noticed a scorpion
   642 | D:2      | Slain by a scorpion

Illustrated notes

Levels and vault maps discovered:
D:1:      dpeg_arrival_round_a, layout_loops_corners, minmay_misc_feat_roman
D:2:      layout_basic, minmay_pentomino_z2, uniq_sigmund

Action                   || total
-------------------------++-------
Melee: Unarmed           ||    28
       Punch             ||     1
 Stab: Sleeping          ||     2
Armor: Robe              ||     4
Dodge: Dodged            ||    25

Table legend: (Time is in decaauts)
 A = Elapsed time spent in this place.
 B = Non-inter-level travel time spent in this place.
 C = Inter-level travel time spent in this place.
 D = Time resting spent in this place.
 E = Time spent auto-exploring this place.
 F = Levels seen in this place.
 G = Mean time per level.
                   A        B        C        D        E       F      G
               +--------+--------+--------+--------+--------+-----+--------+
         Total |    639 |    639 |      0 |    237 |    293 |   2 |  319.5 |
       Dungeon |    639 |    639 |      0 |    237 |    293 |   2 |  319.5 |
               +--------+--------+--------+--------+--------+-----+--------+

Top non-repeatable levels by time:
     D:1: 597 daAuts
     D:2: 42 daAuts
